[ PARTIDA AOE2 · #465804240 ]
UnrankedArmenios vs Berbers
Equipo del jugador · VICT
Equipo rival · DERR
[ ANÁLISIS DE REPETICIÓN · EXTRAÍDO DE LA PARTIDA GRABADA ]
Feudal
—
Castillos
—
Imperial
—
| APM promedio | 49.9 |
| APM pico | 88 |
| eAPM promedio | 24.7 |
| Aldeanos / militares | 157 / 112 |
Foco
⚔️ 41.4% · 🌾 58.6%
Archer ×50 · Militia ×24 · Mangonel ×13 · Composite Bowman ×12 · Spearman ×5 · Monk ×3
Feudal
9:48
Castillos
28:02
Imperial
—
| APM promedio | 70.2 |
| APM pico | 117 |
| eAPM promedio | 31.8 |
| Aldeanos / militares | 120 / 138 |
Foco
⚔️ 40.5% · 🌾 59.5%
Archer ×76 · Scout Cavalry ×30 · Skirmisher ×17 · Mangonel ×10 · Knight ×4 · Battering Ram ×1
Mapa de la partida
Recursos iniciales + cada clic de construcción. Líneas = muros · curvas = relieve. ◆ oro · ⬟ piedra · ● bayas · ✦ reliquia · ◌ hueco del cierre
Tu base· Abierta — hueco de 5t
Base de AT41· Abierta — hueco de 11t
Terreno inicial suavizado · ◌ = hueco del cierre detectado · pasá el cursor para detalles
Inputs por minuto
— Ryan131293 - - AT41
Build order — Ryan131293
Primeras 150 de 410 acciones detectadas
| 0:01 | Crear | Villager (Male) |
| 0:01 | Crear | Villager (Male) |
| 0:01 | Crear | Villager (Male) |
| 0:02 | Crear | Villager (Male) |
| 0:02 | Crear | Villager (Male) |
| 0:04 | Construir | House |
| 0:05 | Construir | House |
| 1:32 | Crear | Villager (Male) |
| 1:32 | Crear | Villager (Male) |
| 1:59 | Crear | Villager (Male) |
| 1:59 | Crear | Villager (Male) |
| 2:13 | Construir | Mule Cart |
| 2:25 | Crear | Villager (Male) |
| 2:25 | Crear | Villager (Male) |
| 2:49 | Crear | Villager (Male) |
| 2:49 | Crear | Villager (Male) |
| 3:21 | Crear | Villager (Male) |
| 3:47 | Crear | Villager (Male) |
| 4:01 | Construir | House |
| 4:07 | Crear | Villager (Male) |
| 4:33 | Crear | Villager (Male) |
| 4:35 | Crear | Villager (Male) |
| 4:45 | Crear | Villager (Male) |
| 5:22 | Construir | Barracks |
| 5:43 | Crear | Villager (Male) |
| 6:04 | Construir | House |
| 6:19 | Crear | Villager (Male) |
| 6:20 | Investigar | Loom |
| 7:05 | Investigar | Feudal Age |
| 7:05 | Investigar | Feudal Age |
| 7:10 | Construir | Mule Cart |
| 7:33 | Crear | Militia |
| 7:55 | Crear | Militia |
| 7:55 | Crear | Militia |
| 8:08 | Crear | Militia |
| 8:08 | Crear | Militia |
| 8:35 | Construir | House |
| 8:36 | Construir | Palisade Wall |
| 9:01 | Crear | Villager (Male) |
| 9:23 | Investigar | Man-at-Arms (upgrade) |
| 9:26 | Construir | Archery Range |
| 9:46 | Crear | Villager (Male) |
| 9:49 | Investigar | Double-Bit Axe |
| 9:49 | Investigar | Double-Bit Axe |
| 10:04 | Crear | Villager (Male) |
| 10:08 | Crear | Villager (Male) |
| 10:46 | Crear | Archer |
| 10:47 | Crear | Archer |
| 10:53 | Crear | Villager (Male) |
| 11:00 | Construir | Mill |
| 11:04 | Crear | Villager (Male) |
| 11:08 | Construir | House |
| 11:17 | Crear | Villager (Male) |
| 11:54 | Crear | Villager (Male) |
| 11:57 | Construir | House |
| 11:59 | Crear | Archer |
| 12:01 | Crear | Spearman |
| 12:08 | Construir | Farm |
| 12:10 | Construir | Farm |
| 12:26 | Crear | Villager (Male) |
| 12:29 | Construir | House |
| 12:31 | Construir | Palisade Wall |
| 12:36 | Construir | Farm |
| 12:44 | Crear | Archer |
| 12:44 | Crear | Archer |
| 13:18 | Crear | Spearman |
| 13:19 | Crear | Villager (Male) |
| 13:20 | Crear | Archer |
| 13:47 | Construir | Farm |
| 13:56 | Crear | Villager (Male) |
| 14:09 | Crear | Villager (Male) |
| 14:11 | Construir | Blacksmith |
| 14:15 | Construir | House |
| 14:20 | Crear | Archer |
| 14:23 | Construir | Palisade Wall |
| 14:24 | Construir | Palisade Wall |
| 14:25 | Construir | Palisade Wall |
| 14:38 | Crear | Villager (Male) |
| 14:45 | Crear | Archer |
| 14:47 | Crear | Villager (Male) |
| 14:53 | Construir | Farm |
| 15:09 | Investigar | Fletching |
| 15:09 | Investigar | Fletching |
| 15:29 | Crear | Villager (Male) |
| 15:30 | Crear | Archer |
| 15:32 | Crear | Villager (Male) |
| 15:44 | Crear | Archer |
| 15:47 | Crear | Villager (Male) |
| 15:49 | Construir | Farm |
| 16:04 | Crear | Villager (Male) |
| 16:06 | Crear | Archer |
| 16:16 | Investigar | Padded Archer Armor |
| 16:23 | Crear | Archer |
| 16:25 | Crear | Villager (Male) |
| 16:27 | Crear | Villager (Male) |
| 16:28 | Crear | Villager (Male) |
| 16:29 | Crear | Villager (Male) |
| 16:34 | Construir | Farm |
| 16:35 | Construir | Farm |
| 16:36 | Construir | Farm |
| 16:38 | Crear | Villager (Male) |
| 16:49 | Construir | Mule Cart |
| 17:37 | Crear | Villager (Male) |
| 17:39 | Crear | Archer |
| 17:39 | Crear | Villager (Male) |
| 17:45 | Crear | Archer |
| 17:48 | Crear | Villager (Male) |
| 17:52 | Construir | Stable |
| 18:02 | Construir | Palisade Wall |
| 18:04 | Crear | Villager (Male) |
| 18:13 | Construir | Farm |
| 18:16 | Construir | Farm |
| 18:20 | Investigar | Long Swordsman (upgrade) |
| 18:22 | Crear | Militia |
| 18:22 | Crear | Militia |
| 18:26 | Crear | Archer |
| 18:32 | Crear | Villager (Male) |
| 18:38 | Crear | Scout Cavalry |
| 18:39 | Crear | Scout Cavalry |
| 18:40 | Crear | Scout Cavalry |
| 18:43 | Construir | Farm |
| 19:02 | Construir | House |
| 19:12 | Crear | Villager (Male) |
| 19:16 | Crear | Militia |
| 19:23 | Construir | House |
| 19:24 | Construir | House |
| 19:40 | Crear | Villager (Male) |
| 19:49 | Crear | Militia |
| 19:58 | Construir | Market |
| 20:03 | Construir | House |
| 20:06 | Construir | Palisade Wall |
| 20:22 | Crear | Villager (Male) |
| 20:30 | Crear | Spearman |
| 20:37 | Construir | Farm |
| 20:39 | Construir | Farm |
| 21:07 | Crear | Spearman |
| 21:12 | Construir | Farm |
| 21:13 | Construir | Farm |
| 21:15 | Construir | Farm |
| 21:26 | Crear | Archer |
| 21:26 | Crear | Archer |
| 21:28 | Crear | Villager (Male) |
| 21:34 | Investigar | Pikeman (upgrade) |
| 21:37 | Crear | Spearman |
| 21:47 | Crear | Villager (Male) |
| 22:09 | Crear | Villager (Male) |
| 22:24 | Crear | Villager (Male) |
| 22:27 | Crear | Archer |
| 22:27 | Crear | Archer |
| 22:27 | Crear | Archer |
Build order — AT41
Primeras 150 de 310 acciones detectadas
| 0:01 | Crear | Villager (Male) ×4 |
| 0:01 | Crear | Villager (Male) ×4 |
| 0:02 | Construir | House |
| 0:04 | Construir | House |
| 1:19 | Crear | Villager (Male) |
| 1:20 | Crear | Villager (Male) |
| 1:54 | Construir | Lumber Camp |
| 1:56 | Crear | Villager (Male) |
| 2:25 | Crear | Villager (Male) |
| 2:25 | Crear | Villager (Male) |
| 2:50 | Crear | Villager (Male) ×2 |
| 3:43 | Crear | Villager (Male) ×2 |
| 3:43 | Crear | Villager (Male) ×2 |
| 3:55 | Construir | House |
| 4:23 | Crear | Villager (Male) |
| 4:23 | Crear | Villager (Male) |
| 4:37 | Construir | Palisade Wall |
| 5:01 | Crear | Villager (Male) ×5 |
| 5:22 | Crear | Villager (Male) |
| 5:41 | Construir | Mill |
| 6:20 | Investigar | Loom |
| 6:31 | Construir | Palisade Wall |
| 6:32 | Construir | Palisade Wall |
| 6:33 | Construir | Palisade Wall |
| 7:38 | Investigar | Feudal Age |
| 7:38 | Investigar | Feudal Age |
| 8:22 | Construir | House |
| 8:24 | Construir | Palisade Wall |
| 9:00 | Construir | Barracks |
| 9:13 | Crear | Villager (Male) |
| 9:38 | Construir | House |
| 9:48 | Crear | Villager (Male) |
| 9:48 | Edad | Edad Feudal |
| 9:51 | Construir | Stable |
| 9:54 | Construir | Stable |
| 10:00 | Investigar | Double-Bit Axe |
| 10:00 | Investigar | Double-Bit Axe |
| 10:49 | Crear | Villager (Male) |
| 10:49 | Crear | Villager (Male) |
| 10:58 | Crear | Scout Cavalry |
| 10:58 | Crear | Scout Cavalry |
| 11:05 | Crear | Villager (Male) |
| 11:15 | Construir | House |
| 11:18 | Construir | Palisade Wall |
| 11:19 | Construir | Palisade Wall |
| 11:20 | Construir | Palisade Wall |
| 11:50 | Crear | Villager (Male) |
| 11:51 | Crear | Villager (Male) |
| 11:57 | Crear | Villager (Male) |
| 11:58 | Crear | Scout Cavalry ×2 |
| 11:58 | Crear | Scout Cavalry ×2 |
| 12:27 | Construir | House |
| 12:31 | Construir | Blacksmith |
| 12:48 | Crear | Scout Cavalry |
| 13:08 | Crear | Villager (Male) |
| 13:15 | Construir | House |
| 13:17 | Construir | Palisade Wall |
| 13:36 | Crear | Villager (Male) |
| 13:36 | Crear | Villager (Male) |
| 13:38 | Construir | Farm |
| 13:39 | Construir | Farm |
| 13:39 | Construir | Farm |
| 13:39 | Construir | Farm |
| 13:39 | Construir | Farm |
| 13:39 | Construir | Farm |
| 13:40 | Construir | Farm |
| 14:01 | Crear | Villager (Male) |
| 14:22 | Construir | Archery Range |
| 14:41 | Crear | Villager (Male) |
| 14:48 | Construir | Watch Tower |
| 14:56 | Crear | Scout Cavalry |
| 15:13 | Crear | Skirmisher |
| 15:13 | Crear | Skirmisher |
| 15:27 | Crear | Villager (Male) |
| 15:29 | Crear | Skirmisher |
| 15:34 | Construir | Farm |
| 15:42 | Construir | Palisade Wall |
| 15:44 | Crear | Skirmisher |
| 15:49 | Crear | Scout Cavalry |
| 16:05 | Crear | Villager (Male) |
| 16:05 | Crear | Villager (Male) |
| 16:16 | Crear | Skirmisher |
| 16:18 | Construir | Farm |
| 16:22 | Construir | Farm |
| 16:23 | Investigar | Horse Collar |
| 16:26 | Construir | Farm |
| 16:28 | Crear | Scout Cavalry |
| 16:39 | Construir | Farm |
| 16:45 | Construir | Farm |
| 16:54 | Crear | Villager (Male) |
| 16:56 | Crear | Skirmisher |
| 17:14 | Crear | Villager (Male) |
| 17:16 | Crear | Scout Cavalry |
| 17:16 | Crear | Scout Cavalry |
| 17:42 | Crear | Villager (Male) |
| 17:44 | Construir | Farm |
| 17:46 | Construir | Farm |
| 17:50 | Construir | Farm |
| 17:51 | Construir | Mining Camp |
| 17:55 | Crear | Villager (Male) |
| 17:56 | Construir | Farm |
| 17:59 | Crear | Scout Cavalry |
| 17:59 | Crear | Scout Cavalry |
| 18:19 | Construir | Farm |
| 18:22 | Crear | Villager (Male) |
| 18:25 | Crear | Scout Cavalry |
| 18:31 | Crear | Skirmisher |
| 18:50 | Crear | Skirmisher |
| 18:51 | Crear | Villager (Male) |
| 19:03 | Construir | House |
| 19:04 | Construir | House |
| 19:08 | Investigar | Wheelbarrow |
| 19:08 | Investigar | Wheelbarrow |
| 19:24 | Crear | Scout Cavalry |
| 19:25 | Crear | Villager (Male) |
| 19:54 | Crear | Villager (Male) |
| 19:57 | Construir | Farm |
| 20:00 | Construir | Farm |
| 20:01 | Crear | Skirmisher |
| 20:18 | Crear | Scout Cavalry |
| 20:19 | Crear | Villager (Male) |
| 20:25 | Construir | Lumber Camp |
| 20:27 | Crear | Skirmisher |
| 20:44 | Crear | Villager (Male) |
| 20:46 | Crear | Scout Cavalry |
| 20:46 | Crear | Scout Cavalry |
| 20:52 | Investigar | Forging |
| 21:07 | Crear | Scout Cavalry |
| 21:09 | Construir | Farm |
| 21:10 | Crear | Skirmisher |
| 21:10 | Crear | Skirmisher |
| 21:46 | Crear | Villager (Male) |
| 22:08 | Crear | Scout Cavalry |
| 22:08 | Crear | Scout Cavalry |
| 22:10 | Crear | Skirmisher |
| 22:10 | Crear | Skirmisher |
| 22:12 | Investigar | Fletching |
| 22:13 | Investigar | Fletching |
| 22:19 | Investigar | Scale Barding Armor |
| 22:19 | Investigar | Scale Barding Armor |
| 22:27 | Construir | Farm |
| 22:30 | Crear | Villager (Male) |
| 22:33 | Crear | Skirmisher |
| 22:34 | Crear | Skirmisher |
| 22:51 | Crear | Villager (Male) |
| 22:51 | Crear | Villager (Male) |
| 23:01 | Crear | Skirmisher |
| 23:03 | Crear | Scout Cavalry |
| 23:03 | Crear | Scout Cavalry |
| 23:19 | Crear | Scout Cavalry |
Cronología de la partida
| 4:37 | AT41 · wall_segment Palisade Wall x4 |
| 5:22 | Ryan131293 · first_building Barracks |
| 6:31 | AT41 · wall_segment Palisade Wall x1 |
| 6:32 | AT41 · wall_segment Palisade Wall x1 |
| 6:33 | AT41 · wall_segment Palisade Wall x1 |
| 8:24 | AT41 · wall_segment Palisade Wall x1 |
| 8:36 | Ryan131293 · wall_segment Palisade Wall x1 |
| 9:00 | AT41 · first_building Barracks |
| 9:26 | Ryan131293 · first_building Archery Range |
| 9:48 | AT41 · age_up feudal |
| 9:51 | AT41 · first_building Stable |
| 11:18 | AT41 · wall_segment Palisade Wall x1 |
| 11:19 | AT41 · wall_segment Palisade Wall x1 |
| 11:20 | AT41 · wall_segment Palisade Wall x1 |
| 12:31 | Ryan131293 · wall_segment Palisade Wall x5 |
| 13:17 | AT41 · wall_segment Palisade Wall x4 |
| 14:22 | AT41 · first_building Archery Range |
| 14:23 | Ryan131293 · wall_segment Palisade Wall x1 |
| 14:24 | Ryan131293 · wall_segment Palisade Wall x1 |
| 14:25 | Ryan131293 · wall_segment Palisade Wall x1 |
| 15:42 | AT41 · wall_segment Palisade Wall x3 |
| 17:52 | Ryan131293 · first_building Stable |
| 18:02 | Ryan131293 · wall_segment Palisade Wall x10 |
| 20:06 | Ryan131293 · wall_segment Palisade Wall x1 |
| 20:46 | Ryan131293 · first_market_buy 100 food |
| 22:57 | Ryan131293 · wall_segment Palisade Wall x1 |
| 27:52 | Ryan131293 · first_building Siege Workshop |
| 28:02 | AT41 · age_up castle |
| 29:05 | Ryan131293 · wall_segment Palisade Wall x1 |
| 29:06 | Ryan131293 · wall_segment Palisade Wall x1 |
| 29:06 | Ryan131293 · wall_segment Palisade Wall x1 |
| 29:09 | AT41 · first_market_sell 500 wood |
| 29:57 | Ryan131293 · first_building Monastery |
| 29:59 | AT41 · first_market_buy 100 stone |
| 30:07 | AT41 · first_building Siege Workshop |
| 34:06 | AT41 · wall_segment Stone Wall x1 |
| 34:07 | AT41 · wall_segment Stone Wall x1 |
| 34:08 | AT41 · wall_segment Stone Wall x1 |
| 38:26 | Ryan131293 · first_building Castle |
| 38:56 | Ryan131293 · first_market_sell 100 wood |
| 44:25 | AT41 · resign |
[ ANÁLISIS IA · 1 CRÉDITO ]
¿Qué pasó realmente en esta partida?
Wolo.gg analiza cada decisión: build order, eco, micro, errores típicos por bracket. Análisis personalizado por WhatsApp o Discord en 30 segundos.
Guía civ
Armenios
Perfil
Jugador #388205